 Dungeon Crawl Stone Soup version 0.31.0-11-ge490571c62 (webtiles) character file.

Game seed: 11720687583806407182

362 Gadfly the Ruffian (level 6, -2/57 HPs)
             Began as a Troll Shapeshifter on Jan 28, 2024.
             Was an Initiate of Ru.
             Slain by a gnoll
             ... wielding a +2 halberd of protection
              (3 damage)
             ... on level 4 of the Dungeon.
             The game lasted 00:04:19 (2546 turns).

Gadfly the Ruffian (Troll Shapeshifter)             Turns: 2546, Time: 00:04:20

Health: -2/57      AC:  4    Str: 23    XL:     6   Next: 39%
Magic:  5/5        EV: 10    Int:  6    God:    Ru [......]
Gold:   224        SH:  0    Dex: 11    Spells: 2/5 levels left

rFire   . . .        b - +1 mace (venom)
rCold   . . .        (no shield)
rNeg    . . .        a - +0 animal skin
rPois   +            (helmet currently unavailable)
rElec   .            h - melded +0 cloak
rCorr   .            (gloves unavailable)
SInv    .            (boots unavailable)
Will    .....        (no amulet)
Stlth   +            k - ring of poison resistance
HPRegen 1.09/turn    (no ring)
MPRegen 0.09/turn

%: no passive effects
@: beast-form
A: beast (slay +2), large, unfitting armour, claws 3, regeneration 1, shaggy fur
1, tough skin 1
a: Begin Untransformation, Renounce Religion


You were on level 4 of the Dungeon.
You worshipped Ru.
Ru was noncommittal.
You were a hulking beast.
You visited 2 branches of the dungeon, and saw 5 of its levels.

You collected 224 gold pieces.

Inventory:

Hand Weapons
 b - a +1 mace of venom (weapon)
Missiles
 i - a throwing net (quivered)
Armour
 a - a +0 animal skin (worn)
 h - a +0 cloak (melded)
Jewellery
 g - a +5 ring of evasion
 k - a ring of poison resistance (left claw)
Talismans
 c - a beast talisman (active)
 d - a flux talisman
Scrolls
 l - a scroll of identify
 n - 3 scrolls of fear {unknown}
Potions
 e - a potion of attraction
 f - a potion of curing
 j - a potion of resistance {unknown}
 m - a potion of lignification


   Skills:
 + Level 2.0 Fighting
 * Level 3.2 Dodging
 + Level 3.9 Unarmed Combat
 * Level 2.5 Evocations
 + Level 3.6 Shapeshifting


You had 2 spell levels left.
You knew the following spells:

 Your Spells              Type           Power      Damage    Failure   Level
a - Swiftness             Air            0%         N/A       83%         3

Your spell library contained the following spells:

 Spells                   Type           Power      Damage    Failure   Level
 Ensorcelled Hibernation  Hex/Ice        0%         N/A       58%         2
 Static Discharge         Conj/Air       0%         3-3/arc   58%         2
 Passwall                 Erth           0%         N/A       83%         3
 Tukima's Dance           Hex            0%         N/A       83%         3
 Airstrike                Air            0%         2d(0-16)  99%         4
 Dimensional Bullseye     Hex/Tloc       0%         N/A       99%         4
 Iskenderun's Mystic Bla  Conj/Tloc      0%         2d3       99%         4
 Summon Lightning Spire   Summ/Air       0%         N/A       99%         4


Dungeon Overview and Level Annotations

Branches:
Dungeon (4/15)             Temple (1/1) D:4

Altars:
Ashenzari
Dithmenos
Elyvilon
Gozag
Nemelex Xobeh
Okawaru
Qazlal
Ru
Sif Muna
Trog
Vehumet
Yredelemnul
The Shining One


Innate Abilities, Weirdness & Mutations

You are a hulking beast.
Your limbs bulge with bestial killing power. (Slay +2)
You are too large for most types of armour.
You have claws for hands.
Your natural rate of healing is unusually fast.
You are covered in fur. (AC +1)
You have tough skin. (AC +1)


Message History

Things that are here:
a +0 hand axe; a +0 whip; an orc corpse
n - 3 scrolls labelled FUAFEBL GEQUBA 2 gnolls come into view.
A gnoll is wielding a +2 halberd of protection.
The gnoll shouts!
There are monsters nearby!
A gnoll comes into view. It is wielding a +0 spear.
The gnoll shouts!
The gnoll barely misses you.
The gnoll hits you with a +2 halberd of protection!
You sock the gnoll!
The gnoll is poisoned.
The gnoll is heavily wounded.
The gnoll barely misses you.
The gnoll hits you with a +2 halberd of protection.
The gnoll hits you from afar with a +0 spear.
The gnoll hits you with a +0 whip.
The gnoll hits you with a +2 halberd of protection.
The gnoll barely misses you.
You barely miss the gnoll. The gnoll hits you with a +0 whip.
The gnoll closely misses you.
You closely miss the gnoll. The gnoll barely misses you.
The gnoll hits you but does no damage.
The gnoll hits you from afar with a +0 spear.
You hit the gnoll but do no damage.
The gnoll is poisoned.
You kill the gnoll!
The gnoll hits you but does no damage.
The gnoll hits you with a +2 halberd of protection!
* * * LOW HITPOINT WARNING * * *
The gnoll hits you from afar with a +0 spear.
* * * LOW HITPOINT WARNING * * *
The gnoll hits you with a +2 halberd of protection.
* * * LOW HITPOINT WARNING * * *
The gnoll hits you with a +2 halberd of protection.
* * * LOW HITPOINT WARNING * * *
The gnoll attacks as it pursues you!
The gnoll hits you from afar with a +0 spear.
* * * LOW HITPOINT WARNING * * *
The gnoll hits you from afar with a +2 halberd of protection.
You die...

#.......# ##†.# #.......#
# #...####
#.......##.......#<).#
####..........#####.#....
...........# #.#....
..8...)....# #.....#
#..g.g..# #......#
#.......# #.##...#
.####.h### ... #...#
.8........### #.# #....
............###+####....
#...........#.....#.....
#.........)##.⌠(⌠.#...##
#.........))'..>..'...#
#.........###.⌠.⌠.#####
#.........# #.....#
.......... ###'###


You could see 2 gnolls.

Vanquished Creatures
  2 orc priests (D:4)
  2 hounds
  Jessica (D:3)
  2 orc wizards
  5 gnolls
  2 adders (D:2)
  2 dart slugs (D:1)
  3 ribbon worms
  14 orcs
  2 endoplasms
  3 giant cockroaches
  5 goblins
  9 hobgoblins
  8 jackals
  6 kobolds
  2 quokkas
  7 ball pythons
  7 bats
  A frilled lizard (D:1)
  4 rats
87 creatures vanquished.

Notes
Turn   | Place    | Note
-------+----------+-------------------------------------------
     0 | D:1      | Gadfly the Troll Shapeshifter began the quest for the Orb.
     0 | D:1      | Reached XP level 1. HP: 18/18 MP: 0/0
   334 | D:1      | Reached XP level 2. HP: 26/26 MP: 1/1
   425 | D:1      | Reached skill level 1 in Fighting
   537 | D:1      | Found a faded altar of an unknown god.
   546 | D:1      | Reached XP level 3. HP: 33/33 MP: 2/2
   779 | D:2      | Reached skill level 1 in Evocations
   792 | D:2      | Reached XP level 4. HP: 31/41 MP: 3/3
  1281 | D:2      | Reached XP level 5. HP: 29/48 MP: 4/4
  1429 | D:2      | Learned a level 3 spell: Swiftness
  1682 | D:3      | Found a shimmering blue altar of Sif Muna.
  1711 | D:3      | Noticed Jessica
  1718 | D:3      | Killed Jessica
  1935 | D:3      | Found a glowing golden altar of the Shining One.
  2444 | D:4      | Reached XP level 6. HP: 56/57 MP: 5/5
  2460 | D:4      | Found a staircase to the Ecumenical Temple.
  2466 | Temple   | Entered the Ecumenical Temple
  2480 | Temple   | Became a worshipper of Ru the Awakened
  2546 | D:4      | HP: 1/57 [gnoll/+0 spear (6)]
  2546 | D:4      | Slain by a gnoll

Illustrated notes

Levels and vault maps discovered:
D:1:      shiori_arrival_maze, layout_loops_ring,
          ebering_ecumenical_altar_sacrificial, nicolae_twisty_statue_hallways
D:2:      layout_loops_cross
D:3:      layout_loops_ring, tso_oasis_becter, lemuel_blue_sif_altar,
          uniq_jessica
D:4:      layout_rooms, amcnicky_altar_gilded, nicolae_overflow_squiral,
          minmay_temple_entry_hall, serial_shops, nicolae_stop_n_shop_1
Temple:   chequers_temple_sunken

Skill      XL: |  1  2  3  4  5  6 |
---------------+-------------------+-----
Fighting       | 1 2 |  2.0
Dodging        | 2 3 |  3.2
Evocations     | 1 2 |  2.5
Unarmed Combat | |  3.9
Shapeshifting  | |  3.6

Action                     |  1- 3 |  4- 6 || total
---------------------------+-------+-------++-------
  Melee: Unarmed           |    60 |   131 ||   191
         Punch             |       |     2 ||     2
         Mace              |       |     4 ||     4
Ability: Begin Untransform |     1 |       ||     1
    Use: Scroll            |     1 |     4 ||     5
         Potion            |       |     2 ||     2
 Armour: Animal skin       |    41 |    83 ||   124
  Dodge: Dodged            |    26 |    64 ||    90
   Form: Beast             |     1 |       ||     1
